 Dungeon Crawl Stone Soup version 0.22-a0-858-g985ef60 (webtiles) character file.

82331 seren the Warrior (level 15, -26/171 HPs)
             Began as an Ogre Fighter on July 26, 2018.
             Was a High Priest of Makhleb.
             Annihilated by an ettin
             ... wielding a +0 dire flail
              (44 damage)
             ... while paralysed by an orc sorcerer
             ... on level 15 of the Dungeon on July 27, 2018.
             The game lasted 02:09:43 (30828 turns).

seren the Warrior (Ogre Fighter)                   Turns: 30828, Time: 02:09:44

Health: -26/171    AC:  8    Str: 31    XL:     15   Next: 73%
Magic:  0/25       EV:  1    Int:  9    God:    Makhleb [*****.]
Gold:   665        SH:  0    Dex: 11    Spells: 13/14 levels left

rFire    . . .     SeeInvis .   a - +8 whip "Snakebite" {curare, rPois}
rCold    . . .     Gourm    .   N - +0 shield of a wizard's laboratory {Regen+ Slay+2 Stlth+}
rNeg     . . .     Faith    .   M - +0 troll leather armour
rPois    +         Spirit   +   d - +0 hat of Koal {rC- rCorr Str+5}
rElec    .         Reflect  .   z - +2 cloak {rPois}
rCorr    +         Harm     .   (gloves unavailable)
MR       +....                  (boots unavailable)
Stlth    ++........             T - amulet of guardian spirit
HPRegen  1.18/turn              o - ring of protection from cold
MPRegen  0.19/turn              j - +3 ring of evasion

@: paralysed, heavily drained
A: large, unfitting armour, tough skin 1
a: Minor Destruction, Lesser Servant of Makhleb, Major Destruction, Greater
Servant of Makhleb, Renounce Religion


You were on level 15 of the Dungeon.
You worshipped Makhleb.
Makhleb was extremely pleased with you.
You were not hungry.

You visited 4 branches of the dungeon, and saw 24 of its levels.
You also visited: Ice Cave.

You collected 2057 gold pieces.
You spent 1392 gold pieces at shops.

Inventory:

Hand Weapons
 a - the +8 whip "Snakebite" (weapon) {curare, rPois}
   (You bought it in a shop on level 2 of the Orcish Mines)

   It poisons the flesh of those it strikes.
   It protects you from poison.
 b - a +0 hunting sling
 h - a +2 flail of holy wrath
 p - a +4 flail of protection
 w - a +0 whip of flaming
Missiles
 k - 174 sling bullets
 n - 501 stones
 D - 4 throwing nets (quivered) {!f}
Armour
 d - the +0 hat of Koal (worn) {rC- rCorr Str+5}
   (You acquired it on level 11 of the Dungeon)

   It affects your strength (+5).
   It makes you vulnerable to cold.
   It provides partial protection from all sources of acid and corrosion.
 z - a +2 cloak of poison resistance (worn)
 M - a +0 troll leather armour (worn)
 N - the +0 shield of a wizard's laboratory (worn) {Regen+ Slay+2 Stlth+}
   (You bought it in a shop on level 1 of the Orcish Mines)

   It affects your accuracy and damage with ranged weapons and melee attacks
   (+2).
   It increases your rate of regeneration.
   It makes you more stealthy.
Jewellery
 j - a +3 ring of evasion (right hand)
 o - a ring of protection from cold (left hand)
 H - an uncursed ring of stealth
 T - an amulet of guardian spirit (around neck)
Wands
 e - a wand of iceblast (16)
 G - a wand of paralysis (20)
 J - a wand of flame (26)
 L - a wand of digging (25)
Scrolls
 c - a scroll of silence
 r - 6 scrolls of teleportation {!r}
 t - 4 scrolls of remove curse
 u - a scroll of summoning
 x - 2 scrolls of fog
 y - 3 scrolls of holy word
 E - a scroll of vulnerability
 I - a scroll of torment {unknown}
 K - 2 scrolls of enchant weapon {unknown}
 P - 2 scrolls of amnesia
 S - a scroll of blinking {!r}
Potions
 g - a potion of might
 i - 2 potions of magic
 l - a potion of cancellation
 m - 2 potions of flight
 q - 5 potions of heal wounds
 s - 8 potions of curing
 A - 4 potions of haste
 B - 7 potions of lignification
 O - a potion of berserk rage
 Q - a potion of brilliance {unknown}
Miscellaneous
 v - a sack of spiders
 C - a phial of floods (inert)
 R - a lightning rod (4/4)
Comestibles
 f - 37 rations
 F - 5 chunks of flesh


   Skills:
 + Level 16.6(15.0) Fighting
 - Level 14.0(12.4) Maces & Flails
 - Level 8.0(6.6) Dodging
 - Level 9.0(7.6) Shields
 + Level 13.5(12.0) Invocations
 - Level 6.0(4.7) Evocations


You had 13 spell levels left.
You knew the following spells:

 Your Spells              Type           Power        Failure   Level  Hunger
a - Animate Skeleton      Necr           N/A          52%         1    ##.....

Your spell library contained the following spells:

 Spells                   Type           Power        Failure   Level  Hunger
 Cause Fear               Hex            #.........   99%         4    #####..
 Magic Dart               Conj           #...         52%         1    ##.....
 Slow                     Hex            #.......     65%         2    ###....
 Iskenderun's Mystic Bla  Conj           #.......     99%         4    #####..
 Animate Dead             Necr           N/A          99%         4    #####..
 Pain                     Necr           #...         52%         1    ##.....
 Vampiric Draining        Necr           #.........   87%         3    ####...
 Regeneration             Chrm/Necr      #.........   87%         3    ####...
 Spider Form              Tmut/Pois      #.........   87%         3    ####...
 Blade Hands              Tmut           #.........   100%        5    ######.
 Ice Form                 Ice/Tmut       #.......     99%         4    #####..
 Sticks to Snakes         Tmut           #.......     65%         2    ###....
 Corona                   Hex            #......      52%         1    ##.....
 Portal Projectile        Hex/Tloc       #.....       87%         3    ####...
 Leda's Liquefaction      Hex/Erth       #.........   99%         4    #####..
 Inner Flame              Hex/Fire       #.......     87%         3    ####...
 Beastly Appendage        Tmut           #.....       52%         1    ##.....
 Fulminant Prism          Conj/Hex       #.........   99%         4    #####..
 Dazzling Spray           Conj/Hex       #.....       87%         3    ####...
 Force Lance              Conj/Tloc      #.......     99%         4    #####..
 Searing Ray              Conj           #.....       65%         2    ###....


Dungeon Overview and Level Annotations

Branches:
Dungeon (15/15)            Temple (1/1) D:6            Lair (6/6) D:11
  Swamp (0/4) Lair:4        Snake (0/4) Lair:2        Slime (0/5) Lair:5
    Orc (2/2) D:9             Elf (0/3) Orc:2
 Vaults: D:13-14     Depths: D:15

Altars:
Ashenzari
Cheibriados
Dithmenos
Elyvilon
Fedhas
Gozag
Hepliaklqana
Kikubaaqudgha
Makhleb
Nemelex Xobeh
Okawaru
Qazlal
Ru
Sif Muna
Trog
Uskayaw
Vehumet
Wu Jian
Xom
Yredelemnul
Zin
The Shining One
Jiyva

Shops:
D:9 !   D:14 ![   Orc:1 [   Orc:2 [?((

Annotations:
D:3 Ijyb
D:6 Prince Ribbit
D:8 bees!
D:10 exclusion: molten gargoyle
D:13 exclusion: 2 obsidian statues


Innate Abilities, Weirdness & Mutations

You are too large for most types of armour.
You have tough skin. (AC +1)


Message History

The ettin hits you with a dire flail!
* * * LOW HITPOINT WARNING * * *
The orc sorcerer casts a spell at you. The bolt of negative energy hits you!
You feel drained.
* * * LOW HITPOINT WARNING * * *
Your smoke demon hits the ettin but does no damage.
Your smoke demon hits the ettin.
Your smoke demon hits the ettin but does no damage.
You hear a shout!
The orc sorcerer gestures at you while chanting.
Helpless, you fail to dodge the bolt of negative energy.
You feel drained.
* * * LOW HITPOINT WARNING * * *
The ettin hits you with a dire flail!!
* * * LOW HITPOINT WARNING * * *
The ettin hits you with a dire flail!!
* * * LOW HITPOINT WARNING * * *
Your smoke demon hits the ettin but does no damage. x3
The ettin hits you with a dire flail!!!
You die...

#####...# #..# #..# #
.#####...########..######(<######
...........).....................
######...######..............(...
#...# #..#########..##### #...#
#..# #..# #...######..# #..#####
#........3..#########.......
..........C@................
#########....................
#.######..########### ... ...#
######## ..... .. ........ ......
## ####... .##### #...
#########... ........5...


You could see an ettin and a friendly smoke demon.

Vanquished Creatures
  Kirke (D:14)
  Azrael (D:14)
  Snorg (D:11)
  8 hydras
  Harold (D:10)
  A vault guard (D:14)
  4 centaur warriors
  4 two-headed ogres
  5 death yaks
  A tengu warrior (D:9)
  3 orc high priests (Orc:2)
  Urug (D:14)
  Sonja (D:13)
  Nergalle (Lair:1)
  3 skeletal warriors
  An unseen horror (D:13)
  Pikel (D:4)
  8 orc knights
  2 manticores
  An elephant (D:11)
  3 cyclopes
  An ugly thing (D:13)
  An orc sorcerer (Orc:1)
  Joseph (D:8)
  3 molten gargoyles (D:10)
  6 black mambas
  6 spiny frogs
  A torpor snail (Lair:3)
  7 rime drakes
  7 komodo dragons
  A redback zombie (D:13)
  5 ice devils
  6 trolls
  10 polar bears
  Grinder (D:4)
  3 raiju (Lair:6)
  16 hippogriffs
  8 blink frogs
  4 dream sheep (Lair:5)
  A shadow (D:14)
  A wraith (D:12)
  17 wyverns
  13 yaks
  A hog (D:14)
  A basilisk (D:11)
  3 fire elementals (D:14)
  11 vampire mosquitoes (D:14)
  9 wargs
  Menkaure (D:4)
  3 swamp worms (Lair:4)
  Edmund (D:5)
  4 porcupines
  15 hell hounds
  9 water moccasins
  29 orc warriors
  6 ice beasts
  6 sky beasts
  11 black bears
  A slave (D:3)
  17 ogres
  An eye of draining (D:8)
  7 phantoms
  28 wolves
  18 centaurs
  11 crocodiles
  2 big kobolds
  11 bullfrogs
  6 scorpions
  7 killer bees
  5 wights (D:15)
  A howler monkey (D:3)
  2 electric eels
  9 crimson imps
  2 quasits
  5 bullfrog skeletons
  A bullfrog zombie (D:8)
  2 centaur skeletons
  18 orc priests
  5 hounds
  20 orc wizards
  A gnoll shaman (D:7)
  3 iguanas
  5 worker ants
  A killer bee zombie (D:10)
  2 hound zombies
  8 gnolls
  9 adders
  2 worms
  6 leopard geckos
  73 orcs
  5 giant cockroaches
  5 goblins
  6 hobgoblins
  13 jackals
  3 quokkas
  4 ball pythons
  10 bats
  A frilled lizard (D:2)
  8 kobolds
  2 quokka skeletons
  6 rats
633 creatures vanquished.

Vanquished Creatures (collateral kills)
  Nessos (D:14)
  2 hydras
  A centaur warrior (D:13)
  A death yak (Lair:3)
  2 orc high priests (Orc:2)
  A skeletal warrior (D:11)
  A lindwurm (Lair:3)
  An orc knight (Orc:2)
  An orc sorcerer (Orc:2)
  An ugly thing (D:13)
  A polar bear (Lair:6)
  2 dream sheep (Lair:5)
  A yak (Lair:1)
  A hungry ghost (D:11)
  A warg (Lair:6)
  A porcupine (Lair:5)
  3 orc warriors (Orc:2)
  A black bear (Lair:6)
  A centaur (D:11)
  A crocodile (Lair:2)
  6 orc priests (Orc:2)
  An orc wizard (D:14)
  6 orcs (Orc:2)
  2 fungi (Lair:5)
40 creatures vanquished.

Vanquished Creatures (others)
  An unseen horror (D:13)
  3 humans (D:14)
  A slave (D:4)
  A bullfrog (D:14)
  An orc wizard (Orc:2)
  A fire vortex (Lair:6)
  10 fungi
  15 plants
33 creatures vanquished.

Grand Total: 706 creatures vanquished

Notes
Turn   | Place    | Note
-------+----------+-------------------------------------------
     0 | D:1      | seren the Ogre Fighter began the quest for the Orb.
     0 | D:1      | Reached XP level 1. HP: 24/24 MP: 1/1
    94 | D:1      | Reached XP level 2. HP: 22/32 MP: 2/2
  1154 | D:2      | Reached XP level 3. HP: 40/40 MP: 3/3
  2095 | D:3      | Reached XP level 4. HP: 49/49 MP: 4/4
  2354 | D:3      | Noticed Ijyb
  3200 | D:4      | Noticed a slave
  3200 | D:4      | Noticed a slave
  3201 | D:4      | Noticed Pikel
  3210 | D:3      | Reached skill level 5 in Fighting
  3210 | D:3      | Reached XP level 5. HP: 47/57 MP: 5/5
  3285 | D:3      | Found a sacrificial altar of Ru.
  3575 | D:4      | Noticed a slave
  3575 | D:4      | Noticed a slave
  3576 | D:4      | Noticed an ogre
  3582 | D:3      | Killed a slave
  3863 | D:3      | Killed an ogre
  3863 | D:3      | Reached XP level 6. HP: 50/66 MP: 6/6
  4345 | D:4      | Reached skill level 5 in Maces & Flails
  4358 | D:4      | Noticed Grinder
  4405 | D:4      | Killed Grinder
  4405 | D:4      | Reached XP level 7. HP: 31/72 MP: 7/7
  4409 | D:4      | Noticed Menkaure
  4666 | D:4      | Killed Menkaure
  4751 | D:4      | Reached skill level 5 in Shields
  4810 | D:5      | Entered Level 5 of the Dungeon
  4849 | D:4      | Killed Pikel
  4849 | D:4      | Reached XP level 8. HP: 80/80 MP: 8/8
  5208 | D:5      | Noticed Edmund
  5254 | D:5      | Killed Edmund
  6085 | D:5      | Reached XP level 9. HP: 88/88 MP: 9/9
  6148 | D:5      | Found a sacrificial altar of Ru.
  6463 | D:4      | Reached skill level 1 in Evocations
  7060 | D:6      | Reached skill level 10 in Maces & Flails
  7587 | D:6      | Noticed Prince Ribbit
  7819 | D:6      | Found a staircase to the Ecumenical Temple.
  7829 | Temple   | Entered the Ecumenical Temple
  7879 | Temple   | Became a worshipper of Makhleb the Destroyer
  8780 | D:7      | Reached skill level 6 in Fighting
  9203 | D:8      | Reached XP level 10. HP: 84/98 MP: 12/12
  9769 | D:8      | Noticed Joseph
 10060 | D:8      | Killed Joseph
 10325 | D:8      | Reached skill level 7 in Fighting
 10368 | D:8      | Reached * piety under Makhleb
 12973 | D:9      | Noticed a tengu warrior
 12988 | D:9      | Killed a tengu warrior
 12988 | D:9      | Reached skill level 8 in Fighting
 13012 | D:9      | Found a staircase to the Orcish Mines.
 13279 | D:9      | Found Astaddinie's Distillery.
 13282 | D:9      | Bought a potion of degeneration for 17 gold pieces
 13283 | D:9      | Bought a potion of curing for 51 gold pieces
 13283 | D:9      | Bought a potion of haste for 170 gold pieces
 13393 | D:10     | Entered Level 10 of the Dungeon
 13491 | D:10     | Reached XP level 11. HP: 99/113 MP: 13/13
 13849 | D:10     | Noticed Harold
 14184 | D:10     | Reached ** piety under Makhleb
 14484 | D:10     | Reached skill level 1 in Invocations
 14505 | D:10     | HP: 1/113 [molten gargoyle/bolt of magma (29)]
 15352 | D:10     | Killed Harold
 15352 | D:10     | Reached skill level 9 in Fighting
 15352 | D:10     | Reached skill level 5 in Evocations
 15512 | D:11     | Noticed Snorg
 15557 | D:11     | Killed Snorg
 16129 | D:11     | Noticed a skeletal warrior
 16129 | D:11     | Noticed a skeletal warrior
 16129 | D:11     | Noticed a skeletal warrior
 16129 | D:11     | Noticed a skeletal warrior
 16129 | D:11     | Noticed a skeletal warrior
 16412 | Orc:1    | Entered Level 1 of the Orcish Mines
 16537 | Orc:1    | Reached skill level 10 in Fighting
 16554 | Orc:1    | Found Qysomoc's Antique Armour Shoppe.
 16705 | Orc:1    | Noticed an orc knight
 16731 | Orc:1    | Killed an orc knight
 16731 | Orc:1    | Reached skill level 5 in Invocations
 16817 | Orc:1    | Bought a transparent shield for 370 gold pieces
 16827 | Orc:1    | Identified the cursed +0 shield of a wizard's laboratory {Regen+ Slay+2 Stlth+} (You bought it in a shop on level 1 of the Orcish Mines)
 16897 | Orc:1    | Noticed an orc knight
 16921 | Orc:1    | Killed an orc knight
 17260 | Orc:2    | Entered Level 2 of the Orcish Mines
 17260 | Orc:2    | Noticed an orc sorcerer
 17325 | Orc:1    | Killed an orc sorcerer
 17336 | Orc:1    | Reached XP level 12. HP: 93/126 MP: 17/17
 17630 | Orc:2    | Found a staircase to the Elven Halls.
 17734 | Orc:2    | Reached *** piety under Makhleb
 18099 | Orc:1    | Upgraded the game from 0.22-a0-848-ge9e22a0 to 0.22-a0-858-g985ef60
 18933 | D:11     | Reached skill level 10 in Invocations
 19088 | D:11     | Found a staircase to the Lair.
 19098 | D:11     | Identified a scroll of acquirement
 19100 | D:11     | Got a translucent hat
 19106 | D:11     | Identified the +0 hat of Koal {rC- rCorr Str+5} (You acquired it on level 11 of the Dungeon)
 19269 | Lair:1   | Entered Level 1 of the Lair of Beasts
 20073 | Lair:1   | Noticed an eight-headed hydra
 20080 | Lair:1   | Noticed Nergalle
 20082 | Lair:1   | Killed an eight-headed hydra
 20147 | Lair:2   | Noticed an eight-headed hydra
 20156 | Lair:2   | Killed an eight-headed hydra
 20299 | Lair:2   | Found a staircase to the Snake Pit.
 20345 | Lair:2   | Noticed a death yak
 20345 | Lair:2   | Noticed a death yak
 20500 | Lair:1   | Reached XP level 13. HP: 133/136 MP: 20/20
 20618 | Lair:1   | Reached skill level 11 in Fighting
 20823 | Lair:1   | Killed Nergalle
 21534 | Lair:3   | Reached skill level 12 in Fighting
 21810 | Lair:4   | Found a staircase to the Swamp.
 22135 | Lair:4   | Reached **** piety under Makhleb
 22135 | Lair:4   | Reached skill level 13 in Fighting
 23123 | Lair:5   | Found a staircase to the Slime Pits.
 23123 | Lair:5   | Found a viscous altar of Jiyva.
 23596 | Lair:6   | Entered Level 6 of the Lair of Beasts
 23684 | Lair:5   | Reached XP level 14. HP: 91/154 MP: 21/21
 23793 | Lair:6   | Found a frozen archway.
 23913 | IceCv    | Entered an ice cave
 24100 | Lair:6   | Reached skill level 14 in Fighting
 24809 | Lair:6   | Reached ***** piety under Makhleb
 24809 | Lair:6   | Reached skill level 5 in Dodging
 25118 | Lair:6   | Learned a level 1 spell: Animate Skeleton
 25510 | Lair:6   | Reached skill level 15 in Fighting
 27004 | Orc:2    | Noticed a cacodemon
 27675 | Orc:2    | Reached XP level 15. HP: 117/167 MP: 23/23
 27816 | Orc:2    | Found Anaycs's Magic Scroll Shop.
 27816 | Orc:2    | Found Kiroagosy's Antique Armour Shop.
 27817 | Orc:2    | Found Roloeh's Weapon Shop.
 27817 | Orc:2    | Found Amnymauc's Antique Weapon Boutique.
 27833 | Orc:2    | Bought the +8 whip "Snakebite" {curare, rPois} for 704 gold pieces
 27833 | Orc:2    | Found the +8 whip "Snakebite" {curare, rPois}
 28807 | D:13     | Found a sacrificial altar of Ru.
 29207 | D:13     | Noticed Sonja
 29280 | D:13     | Killed Sonja
 29745 | D:14     | Found Dekyenu's Distillery.
 29749 | D:14     | Bought a potion of heal wounds for 80 gold pieces
 29768 | D:14     | Found a shadowy altar of Dithmenos.
 29892 | D:14     | Noticed Nessos
 29916 | D:14     | Killed Nessos
 30022 | D:14     | Noticed Kirke
 30028 | D:14     | Noticed Urug
 30031 | D:14     | Killed Kirke
 30031 | D:14     | Reached skill level 16 in Fighting
 30069 | D:14     | Killed Urug
 30107 | D:14     | Found Bythraqoum's Armour Emporium.
 30274 | D:14     | Noticed Azrael
 30301 | D:14     | Killed Azrael
 30426 | D:15     | Entered Level 15 of the Dungeon
 30825 | D:15     | Paralysed by an orc sorcerer for 3 turns
 30828 | D:15     | Annihilated by an ettin

Vault maps used:
D:1:      minmay_arrival_four_loops
D:2:      first_ration, minmay_misc_feat_plants, fountainhead,
          kennysheep_generic_room_12
D:3:      nicolae_ru_the_path_less_chosen, uniq_ijyb
D:4:      uniq_pikel, uniq_grinder, uniq_menkaure
D:5:      kennysheep_mini, uniq_edmund
D:6:      minmay_temple_entry_poolview, abandoned_shop, serial_bayou_pond_a,
          serial_bayou_pond_d, uniq_prince_ribbit1
D:7:      grunt_ogre_cave
D:8:      enter_bailey_2, uniq_joseph
D:9:      hangedman_cross_stitches, serial_shops, kennysheep_mini_moat
D:10:     minivault_8, uniq_harold
D:11:     david_lair_generic, uniq_snorg
D:12:     kennysheep_small_square
D:13:     kennysheep_ambush_hall, basic_altar, david_greed, uniq_sonja
D:14:     david_vaults_5, serial_shops, shop, shop, grunt_dithmenos_smoke,
          uniq_nessos, uniq_azrael, uniq_kirke, uniq_urug
D:15:     hangedman_depths_entry_civil_slaughter, nicolae_tso_swordbearing_angel
Temple:   nicolae_temple_the_god_donut
Lair:1:   grunt_forest_small_clearing_treed, uniq_nergalle
Lair:2:   dummy_snake_entry, st_stairs_3, serial_bayou_pond_e
Lair:3:   hangedman_lair_generics_rect, infiniplex_staircase_pool
Lair:4:   minmay_swamp_entry_worms, minmay_holes
Lair:5:   slime_altar_1
Lair:6:   hangedman_lair_caniforms_friends, portal_ice_cave_demonic_guard
Orc:1:    serial_shops, nicolae_shop_stone
Orc:2:    st_orc_pillars, lab_entry_generic
IceCv:    ice_cave_tombish

Skill      XL: |  1  2  3  4  5  6  7  8  9 10 11 12 13 14 15 |
---------------+----------------------------------------------+-----
Maces & Flails | 2 3 4 5 7 9 10 11 12 13 14 | 14.0
Shields        | 3 4 5 6 7 9 |  9.0
Fighting       | 5 6 8 10 13 15 16 | 16.6
Evocations     | 2 3 5 6 |  6.0
Invocations    | 7 10 11 13 | 13.5
Dodging        | 3 7 8 |  8.0

Action                   |  1- 3 |  4- 6 |  7- 9 | 10-12 | 13-15 || total
-------------------------+-------+-------+-------+-------+-------++-------
Melee: Flail             |   152 |   134 |   150 |   788 |  1036 ||  2260
       Whip              |       |    11 |   295 |   143 |   465 ||   914
Throw: Stone             |     1 |    14 |       |       |       ||    15
Invok: Minor Destruction |       |       |       |    38 |    28 ||    66
       Lesser Servant of |       |       |       |     9 |    25 ||    34
       Major Destruction |       |       |       |       |     6 ||     6
       Greater Servant o |       |       |       |       |     2 ||     2
Evoke: Wand              |       |       |     3 |    13 |    12 ||    28
       Sack of spiders   |       |       |       |       |     1 ||     1
       Lightning rod     |       |       |       |       |     4 ||     4
       Phial of floods   |       |       |       |       |     1 ||     1
  Use: Scroll            |     1 |     2 |     9 |    20 |     6 ||    38
       Potion            |       |     2 |     1 |     8 |     2 ||    13
 Stab: Sleeping          |     1 |       |     1 |     5 |     6 ||    13
       Paralysed         |       |       |       |    29 |     2 ||    31
       Distracted        |       |       |       |     4 |     2 ||     6
  Eat: Chunk             |     4 |     7 |    16 |    25 |    32 ||    84
       Ration            |       |       |       |     3 |     1 ||     4
Armor: Robe              |    56 |    24 |    44 |    72 |       ||   196
       Skin              |       |       |       |    22 |       ||    22
       Troll leather arm |       |       |       |    77 |   231 ||   308
Dodge: Dodged            |    67 |    65 |   122 |   341 |   553 ||  1148
Block: Shield            |    75 |    79 |   108 |   397 |   659 ||  1318

Table legend:
 A = Spawn XP
 B = Non-spawn XP
 C = Spawn XP percentage of total XP
 D = Spawn monster count
 E = Non-spawn monster count
 F = Spawn count percentage of total count
 G = Total turns spent on level
                    A         B        C        D         E        F      G
               +---------+---------+-------+---------+---------+-------+---------
         Total |       0 |  117616 |   0.0 |       0 |     671 |   0.0 | 30828
               +---------+---------+-------+---------+---------+-------+---------
           D:1 |       0 |      33 |   0.0 |       0 |      19 |   0.0 |  1143
           D:2 |       0 |      51 |   0.0 |       0 |      21 |   0.0 |  1286
           D:3 |       0 |     342 |   0.0 |       0 |      21 |   0.0 |  1975
           D:4 |       0 |    1744 |   0.0 |       0 |      22 |   0.0 |  1140
           D:5 |       0 |     544 |   0.0 |       0 |      12 |   0.0 |  1409
           D:6 |       0 |    1034 |   0.0 |       0 |      24 |   0.0 |  1071
           D:7 |       0 |    1173 |   0.0 |       0 |      21 |   0.0 |  1657
           D:8 |       0 |    2196 |   0.0 |       0 |      33 |   0.0 |  2849
           D:9 |       0 |    1811 |   0.0 |       0 |      16 |   0.0 |  1461
          D:10 |       0 |    4764 |   0.0 |       0 |      22 |   0.0 |  1996
          D:11 |       0 |    4817 |   0.0 |       0 |      23 |   0.0 |  1253
          D:12 |       0 |    2067 |   0.0 |       0 |      11 |   0.0 |   683
          D:13 |       0 |   10062 |   0.0 |       0 |      36 |   0.0 |   866
          D:14 |       0 |   13091 |   0.0 |       0 |      40 |   0.0 |   758
          D:15 |       0 |    3550 |   0.0 |       0 |      17 |   0.0 |   402
        Lair:1 |       0 |    7377 |   0.0 |       0 |      27 |   0.0 |  1129
        Lair:2 |       0 |    2977 |   0.0 |       0 |      10 |   0.0 |   931
        Lair:3 |       0 |    9765 |   0.0 |       0 |      22 |   0.0 |   972
        Lair:4 |       0 |    8824 |   0.0 |       0 |      32 |   0.0 |   938
        Lair:5 |       0 |    5382 |   0.0 |       0 |      21 |   0.0 |  1118
        Lair:6 |       0 |   18495 |   0.0 |       0 |      90 |   0.0 |  1877
         Orc:1 |       0 |    6513 |   0.0 |       0 |      47 |   0.0 |  1887
         Orc:2 |       0 |   10669 |   0.0 |       0 |      83 |   0.0 |  1883
         IceCv |       0 |     335 |   0.0 |       0 |       1 |   0.0 |    84
               +---------+---------+-------+---------+---------+-------+---------
